 Dungeon Crawl Stone Soup version 0.31-a0-875-g02e7d12df6 (webtiles) character file.

Game seed: 3010858977476027647

2323 IdlyInterested the Fighter (level 9, -1/74 HPs)
             Began as a Demonspawn Wanderer on Oct 12, 2023.
             Slain by a vampire (3 damage)
             ... on level 6 of the Dungeon.
             The game lasted 00:22:13 (6965 turns).

IdlyInterested the Fighter (Demonspawn Wanderer)    Turns: 6965, Time: 00:22:14

Health: -1/74      AC:  9    Str: 11    XL:     9   Next: 19%
Magic:  19/19      EV: 12    Int: 11    God:
Gold:   52         SH:  0    Dex: 19    Spells: 21/22 levels left

rFire   . . .        D - +2 falchion (vamp)
rCold   + . .        (no shield)
rNeg    . . .        x - +0 ring mail
rPois   +            s - +0 helmet
rElec   .            (no cloak)
rCorr   .            (no gloves)
SInv    .            P - +0 pair of boots of Untold Secrets {rPois rC+ Int-5 Dex+3}
Will    .....        B - amulet of the acrobat
Stlth   ++           (no ring)
HPRegen 0.32/turn    (no ring)
MPRegen 0.16/turn

%: acrobat
@: no status effects
A: icy blue scales 1, demonic guardian 1, demonic touch 2
a: no special abilities


You were on level 6 of the Dungeon.
You visited 2 branches of the dungeon, and saw 7 of its levels.
You also visited: Sewer.

You collected 246 gold pieces.
You spent 194 gold pieces at shops.

Inventory:

Hand Weapons
 a - a +0 dagger
 p - a +0 short sword
 r - a +0 spear
 A - a +0 flail
 D - a +2 vampiric falchion (weapon)
 F - a +4 short sword
 K - a +0 whip of flaming
 M - a +0 falchion
Missiles
 f - 49 stones
 i - 6 boomerangs
 z - 18 poisoned darts (quivered)
 G - a curare-tipped dart
Armour
 d - a +0 robe
 e - a +2 buckler
 k - a +0 chain mail
 s - a +0 helmet (worn)
 w - a +0 leather armour
 x - a +0 ring mail (worn)
 P - the +0 pair of boots of Untold Secrets (worn) {rPois rC+ Int-5 Dex+3}
   (You found it on level 5 of the Dungeon)

   Int-5:     It affects your intelligence (-5).
   Dex+3:     It affects your dexterity (+3).
   rC+:       It protects you from cold.
   rPois:     It protects you from poison
 R - a +2 pair of boots
Jewellery
 b - an amulet of faith
 y - a ring of magical power
 B - an amulet of the acrobat (around neck)
Wands
 O - a wand of iceblast (10)
 Q - a wand of digging (3)
Scrolls
 j - 2 scrolls of poison {unknown}
 l - 4 scrolls of identify {unknown}
 m - 2 scrolls of enchant weapon {unknown}
 n - 3 scrolls of revelation
 q - 3 scrolls of teleportation {unknown}
 t - a scroll of vulnerability {unknown}
 v - a scroll of butterflies {unknown}
 C - 3 scrolls of blinking {unknown}
 I - 3 scrolls of enchant armour
 L - a scroll of fog {unknown}
 N - a scroll of noise {unknown}
Potions
 c - 2 potions of attraction
 g - a potion of heal wounds {unknown}
 h - 3 potions of curing
 o - 2 potions of degeneration {unknown}
 u - 2 potions of might {unknown}
 E - 2 potions of berserk rage {unknown}
 H - a potion of mutation {unknown}
 J - a potion of haste {unknown}


   Skills:
 - Level 8.0 Fighting
 - Level 2.0 Throwing
 - Level 2.0 Armour
 + Level 4.2 Dodging
 - Level 4.0 Stealth
 - Level 2.6 Shields
 * Level 7.2 Spellcasting
 - Level 2.0 Evocations


You had 21 spell levels left.
You knew the following spells:

 Your Spells              Type           Power      Damage    Failure   Level
a - Apportation           Tloc           6%         N/A       38%         1

Your spell library contained the following spells:

 Spells                   Type           Power      Damage    Failure   Level
 Magic Dart               Conj           12%        1d3       38%         1
 Summon Small Mammal      Summ           12%        N/A       38%         1
 Call Imp                 Summ           6%         N/A       52%         2
 Sublimation of Blood     Necr           3%         N/A       52%         2
 Call Canine Familiar     Summ           3%         N/A       77%         3
 Mephitic Cloud           Conj/Pois/Air  3%         N/A       77%         3
 Summon Guardian Golem    Hex/Summ       3%         N/A       77%         3
 Volatile Blastmotes      Fire/Tloc      6%         2d10      77%         3
 Fulminant Prism          Conj/Hex       1%         3d5       99%         4
 Iskenderun's Mystic Bla  Conj/Tloc      3%         2d3       99%         4
 Petrify                  Tmut/Erth      3%         N/A       99%         4
 Irradiate                Conj/Tmut      1%         3d12      100%        5


Dungeon Overview and Level Annotations

Branches:
Dungeon (6/15)             Temple (1/1) D:5           Sewer (visited)

Altars:
Dithmenos
Fedhas
Makhleb
Nemelex Xobeh
Okawaru
Ru
Uskayaw
Wu Jian
Xom

Shops:
D:1 ?!*

Annotations:
D:6 1 runed translucent door, Crazy Yiuf


Innate Abilities, Weirdness & Mutations

You are partially covered in icy blue scales. (AC +2)
A weak demonic guardian rushes to your aid.
Your touch may inflict irresistible damage on your foes.


Message History

You closely miss the vampire.
The vampire is moderately damaged.
The vampire gestures wildly while chanting.
The vampire flickers and vanishes!
Deactivating autopickup; reactivate with Ctrl-A.
You hit something but do no damage. Your touch misses something.
You punch something. Something hits you.
* * * LOW HITPOINT WARNING * * *
Something barely misses you.
It was a potion of curing.
You feel better. Something hits you but does no damage.
Something bites you but does no damage.
You closely miss something. Your touch misses something.
A sleepcap comes into view.
Something hits you. Something bites you!
* * * LOW HITPOINT WARNING * * *
Something draws strength from your injuries!
Something hits you but does no damage. Something bites you.
* * * LOW HITPOINT WARNING * * *
A demonic guardian appears!
Something draws strength from your injuries!
You feel better. Something hits you.
* * * LOW HITPOINT WARNING * * *
Something bites you.
* * * LOW HITPOINT WARNING * * *
Something draws strength from your injuries!
You hit something. Something hits you but does no damage. Something bites you!
* * * LOW HITPOINT WARNING * * *
Something draws strength from your injuries!
Something barely misses you. Something bites you but does no damage.
Your shadow imp hits the sleepcap.
You hit something but do no damage. Something hits you but does no damage.
Something bites you.
* * * LOW HITPOINT WARNING * * *
Something draws strength from your injuries!
You hit something.
Something barely misses your shadow imp.
Something hits you.
* * * LOW HITPOINT WARNING * * *
Something bites you.
You die...

... ... ###.# # ######
#.#.# # #
#...##.#.#.###.#.# .
#...#............. .
#...#$....5..).... .
#...# ###.###.### . #...#
#...@.#...
######...#..###.###.###
##..##...##............
##..##...##.$##.....##.
##........#.........#
..........#..##.....#
##'###...##. #.....#
##..##...######.....#
##............#.....##+##


You could see a friendly shadow imp (summoned).

Vanquished Creatures
  Pikel (D:4)
  Grinder (D:6)
  3 yaks (D:6)
  Menkaure (D:5)
  A black bear (D:6)
  An ogre (D:6)
  4 kobold brigands (Sewer)
  2 scorpions
  3 hounds
  A jelly (D:5)
  An orc priest (D:3)
  A sleepcap (D:4)
  An iguana (D:6)
  An orc wizard (D:6)
  3 gnolls (D:3)
  14 adders
  A river rat (Sewer)
  2 ufetubi
  3 worms
  2 dart slugs
  16 orcs
  9 bats
  9 endoplasms
  5 giant cockroaches
  8 goblins
  5 hobgoblins
  4 jackals (D:1)
  2 quokkas
  11 ball pythons
  3 frilled lizards
  14 kobolds
  9 rats
142 creatures vanquished.

Notes
Turn   | Place    | Note
-------+----------+-------------------------------------------
     0 | D:1      | IdlyInterested the Demonspawn Wanderer began the quest for
                  | the Orb.
     0 | D:1      | IdlyInterested set off with the following items: a +0
                  | dagger, a +0 pair of gloves, a potion of attraction, a +0
                  | robe, a +2 buckler; and the following spell memorised:
                  | Apportation; and the following spells available to
                  | memorise: Volatile Blastmotes.
     0 | D:1      | Reached XP level 1. HP: 13/13 MP: 6/6
    40 | D:1      | Found Buhuroz's Distillery.
   117 | D:1      | Reached skill level 1 in Fighting
   205 | D:1      | Gained mutation: Your touch may inflict minor irresistible
                  | damage on your foes. [demonic ancestry]
   205 | D:1      | Reached XP level 2. HP: 19/21 MP: 8/8
   504 | D:1      | Found Ada Mekh's General Store.
   664 | D:1      | Reached skill level 2 in Fighting
   777 | D:1      | Found Ficzaff's Magic Scroll Boutique.
   969 | D:1      | Gained mutation: You are partially covered in icy blue
                  | scales. (AC +2) [demonic ancestry]
   969 | D:1      | Reached XP level 3. HP: 24/27 MP: 9/9
   973 | D:1      | Reached skill level 1 in Armour
  2012 | D:1      | Bought a scroll of revelation for 97 gold pieces
  2237 | D:3      | Reached skill level 3 in Fighting
  2237 | D:3      | Reached XP level 4. HP: 33/35 MP: 11/11
  2315 | D:3      | Reached skill level 1 in Dodging
  2556 | D:3      | Reached skill level 4 in Fighting
  2556 | D:3      | Gained mutation: A weak demonic guardian rushes to your
                  | aid. [demonic ancestry]
  2556 | D:3      | Reached XP level 5. HP: 14/42 MP: 12/12
  3110 | D:3      | Reached skill level 1 in Throwing
  3228 | D:4      | Found a glowing drain.
  3233 | Sewer    | Entered a sewer
  3365 | Sewer    | Reached skill level 5 in Fighting
  3365 | Sewer    | Reached skill level 1 in Evocations
  3365 | Sewer    | Gained mutation: Your touch may inflict irresistible damage
                  | on your foes. [demonic ancestry]
  3365 | Sewer    | Reached XP level 6. HP: 51/51 MP: 13/13
  3721 | Sewer    | Reached skill level 6 in Fighting
  3876 | Sewer    | Reached XP level 7. HP: 56/58 MP: 14/14
  4237 | D:4      | Noticed Pikel
  4260 | D:4      | Killed Pikel
  4261 | D:4      | Reached XP level 8. HP: 40/65 MP: 14/17
  5079 | D:5      | Entered Level 5 of the Dungeon
  5237 | D:5      | Noticed Menkaure
  5244 | D:5      | Killed Menkaure
  5245 | D:5      | Reached skill level 7 in Fighting
  5349 | D:5      | Found a staircase to the Ecumenical Temple.
  5360 | Temple   | Entered the Ecumenical Temple
  5491 | D:5      | Identified the +0 pair of boots of Untold Secrets {rPois
                  | rC+ Int-5 Dex+3}
  6268 | D:1      | Bought a scroll of enchant armour for 97 gold pieces
  6624 | D:6      | Reached XP level 9. HP: 58/72 MP: 19/19
  6715 | D:6      | Noticed Grinder
  6729 | D:6      | Paralysed by Grinder for 2 turns
  6732 | D:6      | Killed Grinder
  6733 | D:6      | Reached skill level 8 in Fighting
  6810 | D:6      | Found a runed translucent door.
  6811 | D:6      | Noticed Crazy Yiuf
  6965 | D:6      | HP: 2/74 [something (3)]
  6965 | D:6      | Slain by a vampire

Illustrated notes

Levels and vault maps discovered:
D:1:      lightli_arrival_noodles, layout_basic, serial_shops, shop, shop,
          nicolae_square_shop
D:2:      layout_loops_ring, nicolae_concentric_dashed_squares_mild,
          kennysheep_pointless_box
D:3:      layout_loops_ring
D:4:      layout_basic, portal_sewer_entry_e, uniq_pikel
D:5:      layout_basic, minmay_temple_entry_glassed_door, kennysheep_path_1,
          nicolae_zen_rock_garden, uniq_menkaure
D:6:      layout_gridville, chequers_temple_overflow_minitemple,
          biasface_ghost_orc_armoury, grunt_decor_one_mirror,
          minmay_misc_feat_nine_boxes, minmay_misc_feat_tiny,
          nicolae_underground_beach, uniq_crazy_yiuf_cottage, uniq_grinder
Temple:   nicolae_temple_ecumenical_triangle

Skill      XL: |  1  2  3  4  5  6  7  8  9 |
---------------+----------------------------+-----
Fighting       | 1 2 3 4 5 6 7 8 |  8.0
Stealth        | 2 4 |  4.0
Armour         | 1 2 |  2.0
Dodging        | 1 2 4 |  4.2
Throwing       | 1 2 |  2.0
Evocations     | 1 2 |  2.0
Spellcasting   | 6 7 |  7.2
Shields        | |  2.6

Action                     |  1- 3 |  4- 6 |  7- 9 || total
---------------------------+-------+-------+-------++-------
  Melee: Dagger            |    58 |       |       ||    58
         Short sword       |    85 |    71 |       ||   156
         Touch             |    18 |    27 |    39 ||    84
         Falchion          |       |    86 |   205 ||   291
         Punch             |       |       |     4 ||     4
  Throw: Dart              |       |    20 |     4 ||    24
         Stone             |       |     4 |       ||     4
    Use: Scroll            |       |     1 |       ||     1
         Potion            |       |       |     2 ||     2
   Stab: Sleeping          |     8 |       |     3 ||    11
         Distracted        |       |       |     1 ||     1
 Armour: Robe              |    53 |       |       ||    53
         Ring mail         |    27 |    99 |   149 ||   275
  Dodge: Dodged            |    63 |   108 |   172 ||   343
  Block: Buckler           |     6 |       |       ||     6

Table legend: (Time is in decaauts)
 A = Elapsed time spent in this place.
 B = Non-inter-level travel time spent in this place.
 C = Inter-level travel time spent in this place.
 D = Time resting spent in this place.
 E = Time spent auto-exploring this place.
 F = Levels seen in this place.
 G = Mean time per level.
                   A        B        C        D        E       F      G
               +--------+--------+--------+--------+--------+-----+--------+
         Total |   7218 |   6178 |   1040 |    886 |   3354 |   8 |  902.2 |
       Dungeon |   6113 |   5073 |   1040 |    738 |   2862 |   6 | 1018.8 |
        Temple |      1 |      1 |      0 |      0 |      0 |   1 |    1.0 |
         Sewer |   1103 |   1103 |      0 |    148 |    492 |   1 | 1103.0 |
               +--------+--------+--------+--------+--------+-----+--------+

Top non-repeatable levels by time:
     D:1: 1281 daAuts
     D:4: 1177 daAuts
     D:5: 1119 daAuts
   Sewer: 1103 daAuts
     D:2: 1084 daAuts
     D:3: 959 daAuts
     D:6: 490 daAuts
  Temple: 1 daAuts
